 Dungeon Crawl Stone Soup version 0.29.1-12-g30fa7ad0bf (webtiles) character file.

Game seed: 10168024897555434162

2300 pix2112 the Cleaver (level 9, -5/75 HPs)
             Began as a Hill Orc Fighter on Dec 15, 2022.
             Slain by a cyclops (23 damage)
             ... on level 6 of the Dungeon.
             The game lasted 00:17:44 (6636 turns).

pix2112 the Cleaver (Hill Orc Fighter)              Turns: 6636, Time: 00:17:45

Health: -5/75      AC: 12    Str: 23    XL:     9   Next: 40%
Magic:  9/9        EV:  6    Int:  8    God:
Gold:   331        SH:  4    Dex: 10    Spells: 8/8 levels left

rFire   . . .      SeeInvis .   a - +0 war axe
rCold   . . .      Faith    .   c - +0 buckler
rNeg    . . .      Spirit   .   u - +0 plate armour
rPois   .          Reflect  .   (no helmet)
rElec   .          Harm     .   (no cloak)
rCorr   .          Rampage  .   (no gloves)
Will    .....                   (no boots)
Stlth   ..........              e - amulet of magic regeneration
HPRegen 0.22/turn               j - ring of wizardry
MPRegen 0.51/turn               (no ring)

@: no status effects
A: no striking features
a: no special abilities


You were on level 6 of the Dungeon.
You visited 1 branch of the dungeon, and saw 6 of its levels.

You collected 331 gold pieces.

Inventory:

Hand Weapons
 a - a +0 war axe (weapon)
 B - a +0 hand axe
 E - a +3 flail
Armour
 b - a +0 scale mail
 c - a +0 buckler (worn)
 u - a +0 plate armour (worn)
Jewellery
 e - an amulet of magic regeneration (around neck)
 j - a ring of wizardry (left hand)
 G - a +6 ring of intelligence
Scrolls
 f - 2 scrolls of identify {unknown}
 g - 3 scrolls of teleportation {unknown}
 h - a scroll of brand weapon {unknown}
 k - 3 scrolls of noise {unknown}
 l - a scroll of enchant weapon {unknown}
 n - a scroll of summoning {unknown}
 q - a scroll of butterflies {unknown}
 s - a scroll of immolation {unknown}
 y - 2 scrolls of vulnerability {unknown}
 A - 2 scrolls of fear {unknown}
 D - a scroll of enchant armour {unknown}
Potions
 d - 3 potions of might
 i - a potion of heal wounds {unknown}
 m - a potion of curing {unknown}
 o - 2 potions of invisibility {unknown}
 p - a potion of attraction {unknown}
 r - a potion of mutation {unknown}
 v - 2 potions of cancellation {unknown}
 w - a potion of magic {unknown}
 x - a potion of lignification {unknown}
 z - a potion of degeneration {unknown}
 C - a potion of berserk rage {unknown}
 F - a potion of flight {unknown}
 H - 3 potions of brilliance {unknown}


   Skills:
 + Level 6.2 Fighting
 * Level 12.9 Axes
 + Level 6.3 Armour
 + Level 0.7 Dodging
 + Level 0.2 Stealth
 + Level 4.5 Shields


You had 8 spell levels left.
You didn't know any spells.
Your spell library contained the following spells:

 Spells                   Type           Power      Damage    Failure   Level
 Magic Dart               Conj           0%         1d3       97%         1
 Call Imp                 Summ           0%         N/A       99%         2
 Mephitic Cloud           Conj/Pois/Air  0%         N/A       100%        3


Dungeon Overview and Level Annotations

Branches:
Dungeon (6/15)
 Temple: D:4-7

Altars:
Gozag
Qazlal
Trog
Xom

Annotations:
D:5 3 runed translucent doors, Crazy Yiuf


Message History

The orc is almost dead.
You feel sick. The orc barely misses you.
You slash the orc!
You kill the orc!
You feel sick.
You are no longer poisoned.
A gnoll bouda comes into view. It is wielding a +0 whip.
A cyclops comes into view.
The cyclops shouts!
The gnoll bouda hits you with a +0 whip.
The cyclops moves out of view.
You see here a scorpion corpse.
You hit the gnoll bouda but do no damage.
You block the gnoll bouda's attack.
You slash the gnoll bouda!
The gnoll bouda is severely wounded.
An adder comes into view.
The adder hisses angrily.
You hit the cyclops but do no damage. You slash the cyclops!
The cyclops is moderately wounded.
You slash the cyclops!
The cyclops is moderately wounded.
The cyclops hits you!!
* * * LOW HITPOINT WARNING * * *
You are too injured to fight recklessly!
You are too injured to fight recklessly!
You hit the cyclops.
The cyclops is heavily wounded.
You slash the adder! The adder barely misses you.
You block the cyclops's attack.
You slash the cyclops!
The cyclops is severely wounded.
You hit the adder. The adder bites you but does no damage.
You barely miss the cyclops.
The cyclops is severely wounded.
You slash the adder!
You kill the adder!
The cyclops hits you!!
You die...

#.##.##..######).#†.##
#.#..#..##. ##..#..#
#.#.##.##≈. ##.##.#
#.#.#..#..# #..#.#
#.#.#..#..# #^)#.#
#.#.##.# ≈. ##.##.#
#.#. #.. #g ##..#..#
#...#C####).##.##
.##...@....## .
##$8).8$## .# ########


You could see a cyclops and a gnoll bouda.

Vanquished Creatures
  Pikel (D:4)
  A hornet (D:4)
  A water moccasin (D:6)
  An ice beast (D:6)
  A sky beast (D:6)
  A black bear (D:4)
  3 lemures (D:4)
  Blork the orc (D:4)
  A kobold brigand (D:6)
  3 necrophages
  4 scorpions
  4 jellies
  5 hounds
  3 orc priests
  A gnoll bouda (D:5)
  4 iguanas
  An orc wizard (D:4)
  Robin (D:2)
  8 gnolls
  7 adders
  2 ufetubi
  A worm (D:3)
  21 orcs
  8 ball pythons
  7 endoplasms
  3 giant cockroaches
  13 goblins
  8 hobgoblins
  2 jackals (D:1)
  3 quokkas
  3 bats
  A frilled lizard (D:1)
  6 kobolds
  3 rats
133 creatures vanquished.

Notes
Turn   | Place    | Note
-------+----------+-------------------------------------------
     0 | D:1      | pix2112 the Hill Orc Fighter began the quest for the Orb.
     0 | D:1      | Reached XP level 1. HP: 19/19 MP: 1/1
   313 | D:1      | Reached XP level 2. HP: 11/27 MP: 2/2
   828 | D:1      | Reached skill level 3 in Axes
  1250 | D:2      | Reached XP level 3. HP: 33/33 MP: 3/3
  1599 | D:2      | Noticed Robin
  1615 | D:2      | Killed Robin
  1812 | D:2      | Reached XP level 4. HP: 27/40 MP: 4/4
  1979 | D:2      | Found a faded altar of an unknown god.
  2298 | D:3      | Reached skill level 4 in Axes
  2729 | D:3      | Noticed a scorpion
  2738 | D:3      | Killed a scorpion
  2739 | D:3      | Reached XP level 5. HP: 45/47 MP: 5/5
  2893 | D:3      | Reached skill level 5 in Axes
  3418 | D:4      | Noticed a hornet
  3425 | D:4      | Killed a hornet
  3426 | D:4      | Reached skill level 6 in Axes
  3426 | D:4      | Reached XP level 6. HP: 40/53 MP: 6/6
  3521 | D:4      | Reached skill level 7 in Axes
  3622 | D:4      | Reached XP level 7. HP: 38/60 MP: 7/7
  3940 | D:4      | Noticed Blork the orc
  3950 | D:4      | Killed Blork the orc
  3984 | D:4      | Reached skill level 8 in Axes
  4153 | D:4      | Found a bloodstained altar of Trog.
  4228 | D:4      | Found an opulent altar of Gozag.
  4286 | D:4      | Noticed Pikel
  4305 | D:4      | Killed Pikel
  4306 | D:4      | Reached skill level 5 in Fighting
  4306 | D:4      | Reached skill level 9 in Axes
  4306 | D:4      | Reached skill level 5 in Armour
  4306 | D:4      | Reached XP level 8. HP: 9/69 MP: 8/8
  4563 | D:4      | Reached skill level 10 in Axes
  5109 | D:5      | Entered Level 5 of the Dungeon
  5303 | D:5      | Found a large runed translucent door.
  5303 | D:5      | Found a large runed translucent door.
  5458 | D:5      | Found a stormy altar of Qazlal.
  5521 | D:5      | Reached skill level 11 in Axes
  5597 | D:5      | Identified the +4 short sword of Pawekite {chaos, Str+2}
  5979 | D:5      | Reached XP level 9. HP: 70/75 MP: 9/9
  6130 | D:5      | Found a runed translucent door.
  6131 | D:5      | Noticed Crazy Yiuf
  6275 | D:5      | Found a shimmering altar of Xom.
  6405 | D:6      | Reached skill level 12 in Axes
  6628 | D:6      | Noticed a cyclops
  6636 | D:6      | Slain by a cyclops

Illustrated notes

Levels and vault maps discovered:
D:1:      dpeg_arrival_stone_temple_mockup, layout_basic
D:2:      layout_loops_ring, basic_ecumenical_altar, uniq_robin
D:3:      layout_basic
D:4:      layout_loops_corners, mainiacjoe_overflow_large_starburst,
          minmay_circle_x, uniq_pikel, uniq_blork_the_orc
D:5:      due_chaos_kobolds, layout_loops_cross, grunt_qazlal_sundering,
          uniq_crazy_yiuf_cottage
D:6:      layout_cave_pools, worldfamousw_hep_ancestral_shrine, kennysheep_mini,
          nicolae_kikubaaqudgha_miasma_corner, ebering_ghost_xom,
          hangedman_decor_riveting, nzn_random_ring

Skill      XL: |  1  2  3  4  5  6  7  8  9 |
---------------+----------------------------+-----
Axes           | 3 4 6 7 9 11 12 | 12.9
Fighting       | 4 5 6 |  6.2
Armour         | 4 5 6 |  6.3
Shields        | 4 |  4.5
Dodging        | |  0.7
Stealth        | |  0.2

Action                   |  1- 3 |  4- 6 |  7- 9 || total
-------------------------+-------+-------+-------++-------
Melee: War axe           |   100 |    72 |   264 ||   436
Armor: Scale mail        |    57 |    11 |       ||    68
       Plate armour      |       |    46 |   167 ||   213
Dodge: Dodged            |    43 |    27 |    86 ||   156
Block: Buckler           |    16 |    17 |    50 ||    83
